 Dungeon Crawl Stone Soup version 0.30-a0-358-g0d69a1922f (webtiles) character file.

Game seed: 6777387757250873577

42 NinjaNoafa the Cutter (level 3, -2/27 HPs)
             Began as a Demonspawn Gladiator on Nov 9, 2022.
             Splashed by a jelly's acid (5 damage)
             ... on level 2 of the Dungeon.
             The game lasted 00:02:19 (1432 turns).

NinjaNoafa the Cutter (Demonspawn Gladiator)        Turns: 1432, Time: 00:02:19

Health: -2/27      AC:  0    Str: 14    XL:     3   Next: 35%
Magic:  3/3        EV: 12    Int:  9    God:
Gold:   105        SH:  0    Dex: 16    Spells: 2/2 levels left

rFire   . . .      SeeInvis .    a - +0 rapier
rCold   . . .      Faith    .    (no shield)
rNeg    . . .      Spirit   .    b - +0 leather armour
rPois   .          Reflect  .    c - +0 helmet
rElec   .          Harm     .    (no cloak)
rCorr   .          Rampage  .    (no gloves)
Will    .....                    (no boots)
Stlth   +.........               (no amulet)
HPRegen 0.24/turn                (no ring)
MPRegen 0.08/turn                (no ring)

@: corroded
A: hooves 1, demonic guardian 1
a: no special abilities


You were on level 2 of the Dungeon.
You visited 1 branch of the dungeon, and saw 2 of its levels.

You collected 105 gold pieces.

Inventory:

Hand Weapons
 a - a +0 rapier (weapon)
Missiles
 d - 3 throwing nets
 e - 8 stones (quivered)
Armour
 b - a +0 leather armour (worn)
 c - a +0 helmet (worn)
Scrolls
 h - 5 scrolls of identify {unknown}
 i - a scroll of amnesia {unknown}
 l - a scroll of magic mapping {unknown}
 n - a scroll of fear {unknown}
 o - a scroll of summoning {unknown}
 p - a scroll of enchant armour {unknown}
Potions
 f - a potion of invisibility {unknown}
 g - 2 potions of degeneration {unknown}
 j - 5 potions of flight {unknown}
 k - a potion of brilliance {unknown}
 m - 4 potions of curing {unknown}


   Skills:
 - Level 2.0 Fighting
 + Level 4.1 Short Blades
 - Level 1.7 Throwing
 - Level 2.6 Dodging


You had 2 spell levels left.
You didn't know any spells.
Your spell library contained the following spells:

 Spells                   Type           Power      Damage    Failure   Level
 Ensorcelled Hibernation  Hex/Ice        0%         N/A       61%         2
 Scorch                   Fire           0%         2d5       61%         2
 Spider Form              Tmut/Pois      0%         N/A       83%         3
 Anguish                  Hex/Necr       0%         N/A       99%         4
 Flame Wave               Conj/Fire      0%         2d4       99%         4
 Summon Cactus Giant      Summ           0%         N/A       100%        6


Dungeon Overview and Level Annotations

Branches:
Dungeon (2/15)

Altars:


Innate Abilities, Weirdness & Mutations

You have large cloven feet.
A weak demonic guardian rushes to your aid.


Message History

There is an open door here.
An endoplasm comes into view.
Found a scroll labelled VASIELAVVA.
An endoplasm is nearby!
An endoplasm is nearby!
The endoplasm quivers.
A goblin comes into view. It is wielding a +0 club.
The endoplasm closely misses you.
You barely miss the endoplasm. You kick the endoplasm.
The endoplasm is severely wounded.
The goblin shouts!
The endoplasm closely misses you.
You puncture the endoplasm!
You kill the endoplasm!
The goblin closely misses you.
You completely miss the goblin. Your kick misses the goblin.
The goblin closely misses you.
You hit the goblin.
The goblin is moderately wounded.
The goblin hits you with a +0 club.
You hit the goblin. You kick the goblin.
You kill the goblin!
You see here a +0 club.
HP restored.
p - a scroll labelled VASIELAVVA A jelly comes into view.
A jelly is nearby!
You open the door.
There is an open door here.
The helpless jelly fails to defend itself.
You puncture the jelly!
Your hands burn!
The jelly is severely wounded.
The jelly hits you. The acid corrodes you!
You are splashed with acid!
You barely miss the jelly. You kick the jelly.
The jelly is severely wounded.
The jelly hits you.
You are splashed with acid!
* * * LOW HITPOINT WARNING * * *
A demonic guardian appears!
You hit the jelly.
Your hands burn!
You die...

##.#.####.......##.
.......)......###
..............#
.....###......#
.#.# #......#### #
#.#....#..##
#.##.....P.##
#.###'...P..# ..#
#@##...#.# ### #J#
#### #5# ... ...
#...# ##.#. ....


You could see a jelly (ally target) and a friendly white imp (summoned).

Vanquished Creatures
  A dart slug (D:1)
  3 ball pythons
  3 endoplasms
  A giant cockroach (D:2)
  5 goblins
  A hobgoblin (D:2)
  4 jackals (D:1)
  6 bats
  2 frilled lizards (D:1)
  2 kobolds
  3 rats
31 creatures vanquished.

Vanquished Creatures (collateral kills)
  A ball python (D:1)
  An endoplasm (D:1)
  A giant cockroach (D:1)
  A kobold (D:1)
  2 bats (D:1)
6 creatures vanquished.

Grand Total: 37 creatures vanquished

Notes
Turn   | Place    | Note
-------+----------+-------------------------------------------
     0 | D:1      | NinjaNoafa the Demonspawn Gladiator began the quest for the
                  | Orb.
     0 | D:1      | Reached XP level 1. HP: 16/16 MP: 1/1
   133 | D:1      | Reached skill level 3 in Short Blades
   159 | D:1      | Gained mutation: A weak demonic guardian rushes to your
                  | aid. [demonic ancestry]
   159 | D:1      | Reached XP level 2. HP: 13/22 MP: 2/2
   539 | D:1      | Discovered your monstrous ancestry.
   539 | D:1      | Gained mutation: You have large cloven feet. [demonic
                  | ancestry]
   539 | D:1      | Reached XP level 3. HP: 27/27 MP: 3/3
  1067 | D:2      | Found a faded altar of an unknown god.
  1106 | D:2      | Reached skill level 4 in Short Blades
  1432 | D:2      | Splashed by a jelly's acid

Illustrated notes

Levels and vault maps discovered:
D:1:      dpeg_arrival_rooms_c, layout_basic, serial_bayou, serial_bayou_pond_b,
          serial_bayou_pond_d, serial_bayou_lake_a, serial_bayou_pond_b,
          kennysheep_decorative_pillar
D:2:      layout_loops_corners, ebering_ecumenical_altar_hall,
          kennysheep_generic_room_10, uniq_crazy_yiuf_cottage

Skill      XL: |  1  2  3 |
---------------+----------+-----
Short Blades   | 3 4 |  4.1
Fighting       | |  2.0
Throwing       | |  1.7
Dodging        | |  2.6

Action                   || total
-------------------------++-------
Melee: Rapier            ||   126
       Punch             ||     2
       Kick              ||    13
Throw: Javelin           ||     1
       Stone             ||     2
 Stab: Sleeping          ||     2
Armor: Leather armour    ||    54
Dodge: Dodged            ||   131

Table legend: (Time is in decaauts)
 A = Elapsed time spent in this place.
 B = Non-inter-level travel time spent in this place.
 C = Inter-level travel time spent in this place.
 D = Time resting spent in this place.
 E = Time spent auto-exploring this place.
 F = Levels seen in this place.
 G = Mean time per level.
                   A        B        C        D        E       F      G
               +--------+--------+--------+--------+--------+-----+--------+
         Total |   1482 |   1468 |     14 |      0 |   1141 |   2 |  741.0 |
       Dungeon |   1482 |   1468 |     14 |      0 |   1141 |   2 |  741.0 |
               +--------+--------+--------+--------+--------+-----+--------+

Top non-repeatable levels by time:
     D:1: 936 daAuts
     D:2: 545 daAuts
